 Dungeon Crawl Stone Soup version 0.29.0-4-gdea44cf6ec (webtiles) character file.

Game seed: 3654044654798055305

6106 qw the Grappler (level 10, 0/96 HPs)
             Began as a Troll Cinder Acolyte on Aug 31, 2022.
             Was a Follower of Ignis.
             Slain by a death yak (6 damage)
             ... on level 8 of the Dungeon.
             The game lasted 00:04:00 (7831 turns).

qw the Grappler (Troll Cinder Acolyte)              Turns: 7831, Time: 00:04:00

Health: 0/96       AC: 11    Str: 28    XL:     10   Next: 58%
Magic:  10/10      EV: 24    Int: 10    God:    Ignis [*.....]
Gold:   162        SH:  0    Dex:  5    Spells: 11/11 levels left

rFire   + . .      SeeInvis .     - Unarmed
rCold   + . .      Faith    .   (no shield)
rNeg    . . .      Spirit   .   a - +0 robe
rPois   +          Reflect  .   (helmet restricted)
rElec   .          Harm     .   (no cloak)
rCorr   .          Rampage  .   (gloves unavailable)
Will    .....                   (boots unavailable)
Stlth   +.........              n - amulet of the acrobat
HPRegen 1.06/turn               g - ring of poison resistance
MPRegen 0.12/turn               o - ring of protection from cold

@: lethally poisoned (0 -> -2), about to teleport, acrobatic, fiery-armoured
A: large, unfitting armour, claws 3, regeneration 1, shaggy fur 1, tough skin 1
a: Renounce Religion, Fiery Armour, Foxfire Swarm, Rising Flame


You were on level 8 of the Dungeon.
You worshipped Ignis.
Ignis was aware of your devotion.
You visited 1 branch of the dungeon, and saw 8 of its levels.
You also visited: Ossuary.

You collected 660 gold pieces.
You spent 498 gold pieces at shops.


Innate Abilities, Weirdness & Mutations

You are too large for most types of armour.
You have claws for hands.
Your natural rate of healing is unusually fast.
You are covered in fur. (AC +1)
You have tough skin. (AC +1)


   Skills:
 - Level 5.1 Fighting
 - Level 5.1 Throwing
 - Level 1.7 Dodging
 + Level 13.9 Unarmed Combat
 - Level 1.0 Spellcasting
 - Level 2.1 Fire Magic


You had 11 spell levels left.
You didn't know any spells.
Your spell library contained the following spells:

 Spells                   Type           Power      Damage    Failure   Level
 Scorch                   Fire           8%         2d5       22%         2

Inventory:

Missiles
 f - 4 silver boomerangs (quivered)
 m - 6 boomerangs
Armour
 a - a +0 robe (worn)
Jewellery
 g - a ring of poison resistance (left claw)
 n - an amulet of the acrobat (around neck)
 o - a ring of protection from cold (right claw)
Scrolls
 b - 4 scrolls of identify
 e - a scroll of brand weapon
 Y - 2 scrolls of enchant weapon
Potions
 c - 2 potions of might
 d - 3 potions of curing
 h - a potion of cancellation
 l - a potion of haste

Dungeon Overview and Level Annotations

Branches:
Dungeon (8/15)             Temple (0/1) D:6            Lair (0/5) D:8
Ossuary (visited)

Altars:
Dithmenos
Elyvilon
Fedhas
Gozag
Hepliaklqana
Kikubaaqudgha
Wu Jian
Xom
Zin

Shops:
D:2 (   D:5 *   D:6 *[==

Portals:
Bailey: D:8


Message History

Amaemon is burned by your cloak of flames.
Amaemon is almost dead.
Amaemon claws you but does no damage.
Amaemon is burned by your cloak of flames.
Amaemon is almost dead.
Amaemon tail-slaps you but does no damage.
Amaemon is burned by your cloak of flames.
Amaemon is almost dead.
You claw Amaemon!
You kill Amaemon!
You feel very sick.
You claw the death yak!
The death yak is moderately wounded.
You feel very sick. The death yak gores you!!
The death yak is burned by your cloak of flames.
The death yak is moderately wounded.
The orange demon barely misses you.
7827 ||| READING scroll of teleportation.
As you read the scroll of teleportation, it crumbles to dust.
You feel strangely unstable.
You feel very sick. The death yak gores you!
The orange demon closely misses you.
7828 ||| INVOKING Fiery Armour.
Your cloak of flame flares fiercely!
You feel very sick.
The death yak gores you but does no damage.
The orange demon barely misses you.
7829 ||| Stepping ~*~*~tactically~*~*~ (outnumbered).
You feel very sick. The orange demon stings you.
The orange demon is burned by your cloak of flames.
The orange demon is lightly wounded.
The orange demon hits you but does no damage.
The orange demon is burned by your cloak of flames.
The orange demon is lightly wounded.
7830 ||| Stepping ~*~*~tactically~*~*~ (outnumbered).
You feel sick. The orange demon completely misses you.
7831 ||| Stepping ~*~*~tactically~*~*~ (outnumbered).
The death yak attacks as you move away! The death yak gores you.
You die...

......Y.# #...............
........# ##...............
...Y.>..# ##.#..........#..
<.......###..........##...#
###..#.......)...##.......#
#...#.......#...)..##....#
#.#............4Y..##....######
##.#...?........YY.(.#.........#
.......#########@..............#
.###.#.# #....#..........# .#
#.#.# #....##.........# ## #.#.#
#..[.##.........# # #...#
###.............# # ##..#
##.##...%.....# ####..#
#............# ##.....#
###....>.....# ...###.##.~~~.#
##.#...)####


You could see 3 death yaks and an orange demon (curare).

Vanquished Creatures
  2 death yaks
  Amaemon (D:8)
  4 yaks (D:7)
  A steam dragon (D:8)
  Menkaure (D:4)
  2 water moccasins
  Duvessa (D:6)
  A sky beast (D:8)
  2 black bears
  An ice beast (D:6)
  An orc warrior (D:7)
  4 ogres
  5 centaurs
  2 bullfrogs (D:8)
  2 necrophages
  Blork the orc (D:6)
  3 scorpions
  10 wights
  Dowan (D:6)
  3 killer bees (D:8)
  3 hounds
  4 orc priests
  4 jellies
  5 iguanas
  2 orc wizards
  9 mummies
  4 gnolls (D:2)
  9 adders
  2 shadow imps
  3 white imps
  An ufetubus (D:4)
  3 worms
  6 dart slugs
  22 orcs
  7 endoplasms
  5 giant cockroaches
  12 goblins
  3 hobgoblins (D:1)
  2 jackals (D:3)
  8 quokkas
  14 ball pythons
  3 bats
  3 frilled lizards
  3 gnoll zombies (Ossuary)
  A goblin zombie (D:5)
  3 hobgoblin zombies
  8 kobolds
  2 kobold zombies (Ossuary)
  An orc zombie (Ossuary)
  4 rats
204 creatures vanquished.

Vanquished Creatures (others)
  5 dream sheep (D:5)
5 creatures vanquished.

Grand Total: 209 creatures vanquished

Notes
Turn   | Place    | Note
-------+----------+-------------------------------------------
     0 | D:1      | qw the Troll Cinder Acolyte began the quest for the Orb.
     0 | D:1      | Reached XP level 1. HP: 22/22 MP: 1/1
     0 | D:1      | 0 ||| qw: Version: 0.1-a-97-g2dd2ca4
     0 | D:1      | 0 ||| qw: Game counter: 4612
     0 | D:1      | 0 ||| qw: Always use a shield: true
     0 | D:1      | 0 ||| qw: God list: Okawaru
     0 | D:1      | 0 ||| qw: Allow faded altars: false
     0 | D:1      | 0 ||| qw: Do Orc after D:15 true
     0 | D:1      | 0 ||| qw: Do second Lair branch before Depths: true
     0 | D:1      | 0 ||| qw: Lair rune preference: random
     0 | D:1      | 0 ||| qw: Plans: Normal
     0 | D:1      | 0 ||| PLANNING D:1-11
   171 | D:1      | Reached XP level 2. HP: 29/29 MP: 2/2
   411 | D:1      | Reached skill level 4 in Unarmed Combat
   595 | D:1      | Reached XP level 3. HP: 36/36 MP: 3/3
   828 | D:1      | 828 ||| Stepping ~*~*~tactically~*~*~ (stealth).
   829 | D:1      | 829 ||| Stepping ~*~*~tactically~*~*~ (stealth).
   831 | D:1      | 831 ||| Stepping ~*~*~tactically~*~*~ (stealth).
   837 | D:1      | 837 ||| Stepping ~*~*~tactically~*~*~ (outnumbered).
   838 | D:1      | 838 ||| Stepping ~*~*~tactically~*~*~ (outnumbered).
   839 | D:1      | 839 ||| Stepping ~*~*~tactically~*~*~ (outnumbered).
   840 | D:1      | 840 ||| Stepping ~*~*~tactically~*~*~ (outnumbered).
   841 | D:1      | 841 ||| Stepping ~*~*~tactically~*~*~ (outnumbered).
   843 | D:1      | 843 ||| Stepping ~*~*~tactically~*~*~ (outnumbered).
   844 | D:1      | 844 ||| Stepping ~*~*~tactically~*~*~ (outnumbered).
  1056 | D:1      | 1056 ||| READING 2 scrolls labelled PUPLOA MUIDGHOS.
  1057 | D:1      | 1057 ||| READING scroll labelled ULUGGAA VEENK.
  1058 | D:1      | 1058 ||| READING scroll labelled TESEUCRENYA.
  1062 | D:1      | 1062 ||| DROPPING scroll of vulnerability.
  1161 | D:2      | 1161 ||| Stepping ~*~*~tactically~*~*~ (outnumbered).
  1180 | D:2      | 1180 ||| Stepping ~*~*~tactically~*~*~ (outnumbered).
  1368 | D:2      | 1368 ||| Stepping ~*~*~tactically~*~*~ (stealth).
  1370 | D:2      | 1370 ||| Stepping ~*~*~tactically~*~*~ (stealth).
  1375 | D:2      | Reached XP level 4. HP: 44/44 MP: 4/4
  1379 | D:2      | Reached skill level 5 in Unarmed Combat
  1400 | D:2      | 1400 ||| Stepping ~*~*~tactically~*~*~ (stealth).
  1410 | D:2      | Found Luobuoc's Antique Weapon Boutique.
  1558 | D:2      | 1558 ||| Stepping ~*~*~tactically~*~*~ (stealth).
  1559 | D:2      | 1559 ||| Stepping ~*~*~tactically~*~*~ (stealth).
  1575 | D:2      | 1575 ||| Stepping ~*~*~tactically~*~*~ (stealth).
  1578 | D:2      | 1578 ||| INVOKING Fiery Armour.
  1579 | D:2      | 1579 ||| Stepping ~*~*~tactically~*~*~ (hiding).
  1583 | D:2      | 1583 ||| FLEEEEING.
  1584 | D:2      | 1584 ||| FLEEEEING.
  1589 | D:2      | 1589 ||| Stepping ~*~*~tactically~*~*~ (outnumbered).
  1590 | D:2      | 1590 ||| Stepping ~*~*~tactically~*~*~ (outnumbered).
  1591 | D:2      | 1591 ||| Stepping ~*~*~tactically~*~*~ (outnumbered).
  1592 | D:2      | 1592 ||| Stepping ~*~*~tactically~*~*~ (outnumbered).
  1614 | D:2      | Found a faded altar of an unknown god.
  1649 | D:2      | 1649 ||| UPGRADING to ring of poison resistance.
  1650 | D:2      | 1650 ||| DROPPING ring of flight.
  1651 | D:2      | 1651 ||| READING scroll labelled SAYRES XYOFRIR.
  1652 | D:2      | 1652 ||| DRINKING 2 brown potions.
  1653 | D:2      | 1653 ||| DRINKING 2 pink potions.
  1654 | D:2      | 1654 ||| DROPPING potion of flight.
  1734 | D:3      | 1734 ||| Stepping ~*~*~tactically~*~*~ (stealth).
  1736 | D:3      | 1736 ||| Stepping ~*~*~tactically~*~*~ (stealth).
  1817 | D:3      | Reached XP level 5. HP: 50/50 MP: 5/5
  1854 | D:3      | 1854 ||| Stepping ~*~*~tactically~*~*~ (stealth).
  2001 | D:3      | Found a blossoming altar of Fedhas.
  2013 | D:3      | Noticed an oklob plant
  2014 | D:3      | 2014 ||| INVOKING Fiery Armour.
  2151 | D:3      | Found a hazy altar of Hepliaklqana.
  2228 | D:3      | Found a shadowy altar of Dithmenos.
  2285 | D:3      | Found a faded altar of an unknown god.
  2290 | D:3      | Found a white marble altar of Elyvilon.
  2393 | D:3      | 2393 ||| Stepping ~*~*~tactically~*~*~ (hiding).
  2588 | D:3      | 2588 ||| READING scroll labelled OJAUN FUKH.
  2589 | D:3      | 2589 ||| READING scroll labelled KABIECZ TYCZOR.
  2590 | D:3      | 2590 ||| READING scroll labelled WOAZEI TUUSCH.
  2591 | D:3      | 2591 ||| READING scroll labelled EFUDUO QETH.
  2631 | D:3      | 2631 ||| Stepping randomly (stuck).
  2830 | D:4      | Noticed a centaur
  2830 | D:4      | Noticed a centaur
  2831 | D:4      | 2831 ||| Stepping ~*~*~tactically~*~*~ (hiding).
  2838 | D:4      | Killed a centaur
  2839 | D:4      | Reached skill level 6 in Unarmed Combat
  2839 | D:4      | Reached XP level 6. HP: 41/59 MP: 6/6
  3048 | D:4      | 3048 ||| Stepping ~*~*~tactically~*~*~ (stealth).
  3049 | D:4      | 3049 ||| Stepping ~*~*~tactically~*~*~ (hiding).
  3050 | D:4      | Noticed Menkaure
  3051 | D:4      | 3051 ||| INVOKING Fiery Armour.
  3058 | D:4      | Reached skill level 7 in Unarmed Combat
  3060 | D:4      | 3060 ||| Stepping ~*~*~tactically~*~*~ (outnumbered).
  3063 | D:4      | Killed Menkaure
  3064 | D:4      | Reached XP level 7. HP: 31/66 MP: 7/7
  3072 | D:4      | 3072 ||| FLEEEEING.
  3073 | D:4      | 3073 ||| FLEEEEING.
  3075 | D:4      | 3075 ||| FLEEEEING.
  3076 | D:4      | 3076 ||| FLEEEEING.
  3077 | D:4      | 3077 ||| FLEEEEING.
  3078 | D:4      | 3078 ||| FLEEEEING.
  3079 | D:4      | 3079 ||| FLEEEEING.
  3081 | D:4      | 3081 ||| FLEEEEING.
  3082 | D:4      | 3082 ||| FLEEEEING.
  3083 | D:4      | 3083 ||| FLEEEEING.
  3084 | D:4      | 3084 ||| FLEEEEING.
  3085 | D:4      | 3085 ||| FLEEEEING.
  3086 | D:4      | 3086 ||| STAIRDANCE
  3109 | D:4      | Reached skill level 8 in Unarmed Combat
  3125 | D:4      | 3125 ||| Stepping ~*~*~tactically~*~*~ (stealth).
  3126 | D:4      | 3126 ||| Stepping ~*~*~tactically~*~*~ (stealth).
  3138 | D:4      | 3138 ||| Stepping ~*~*~tactically~*~*~ (hiding).
  3139 | D:4      | 3139 ||| Stepping ~*~*~tactically~*~*~ (hiding).
  3424 | D:4      | Reached skill level 3 in Fighting
  3845 | D:4      | 3845 ||| Stepping ~*~*~tactically~*~*~ (hiding).
  3879 | D:4      | 3879 ||| READING scroll labelled MOIPNE ELAERGH.
  3911 | D:5      | Entered Level 5 of the Dungeon
  3912 | D:5      | 3912 ||| PLANNING OSSUARY
  3925 | D:5      | Reached skill level 3 in Throwing
  3959 | D:5      | Found Gozag's Platinum Reserve.
  3959 | D:5      | Found an opulent altar of Gozag.
  4011 | D:5      | Found a sand-covered staircase.
  4017 | Ossuary  | Entered an ossuary
  4023 | Ossuary  | 4023 ||| INVOKING Fiery Armour.
  4025 | Ossuary  | 4025 ||| Stepping ~*~*~tactically~*~*~ (outnumbered).
  4026 | Ossuary  | 4026 ||| Stepping ~*~*~tactically~*~*~ (outnumbered).
  4107 | Ossuary  | Reached XP level 8. HP: 75/75 MP: 8/8
  4215 | Ossuary  | 4215 ||| READING scroll labelled VAIMU JUMOKIE.
  4216 | Ossuary  | 4216 ||| READING scroll labelled RUTAJI JARE.
  4217 | Ossuary  | 4217 ||| READING scroll labelled QOIQ KENUO.
  4318 | Ossuary  | 4318 ||| DRINKING 2 metallic puce potions.
  4319 | Ossuary  | 4319 ||| READING 2 scrolls of identify.
  4319 | Ossuary  | 4319 ||| IDENTIFYING smoky black potion
  4338 | D:5      | 4338 ||| PLANNING D:1-11
  4366 | D:5      | 4366 ||| Stepping ~*~*~tactically~*~*~ (stealth).
  4372 | D:5      | 4372 ||| DRINKING 2 potions of curing.
  4372 | D:5      | 4372 ||| (to cure confusion)
  4622 | D:5      | Reached skill level 9 in Unarmed Combat
  4629 | D:5      | 4629 ||| INVOKING Fiery Armour.
  4631 | D:5      | Reached skill level 1 in Dodging
  4687 | D:5      | 4687 ||| Stepping ~*~*~tactically~*~*~ (stealth).
  4870 | D:5      | 4870 ||| Stepping ~*~*~tactically~*~*~ (stealth).
  4886 | D:5      | Identified the +1 ring mail "Veniv" {rCorr Int+5}
  5001 | D:5      | Found an ancient bone altar of Kikubaaqudgha.
  5145 | D:5      | 5145 ||| SHOPLISTING +1 robe of the Snake Pit {Int+3} (1900
                  | gold, have 517).
  5145 | D:5      | 5145 ||| SHOPLISTING ring "Gaptiebb" {rPois rF+ rC+ EV+4}
                  | (6120 gold, have 517).
  5224 | D:5      | Noticed a dream sheep
  5224 | D:5      | Noticed a dream sheep
  5224 | D:5      | Noticed a dream sheep
  5224 | D:5      | Noticed a dream sheep
  5224 | D:5      | Noticed a dream sheep
  5224 | D:5      | Found a shimmering altar of Xom.
  5228 | D:5      | Killed a dream sheep
  5228 | D:5      | Killed a dream sheep
  5228 | D:5      | Killed a dream sheep
  5228 | D:5      | Killed a dream sheep
  5229 | D:5      | 5229 ||| FLEEEEING.
  5229 | D:5      | Killed a dream sheep
  5305 | D:5      | 5305 ||| READING scroll labelled FEZURAZXAI.
  5312 | D:5      | 5312 ||| READING scroll labelled OSAFEE MAPS.
  5316 | D:5      | 5316 ||| DRINKING 2 red potions.
  5317 | D:5      | 5317 ||| READING 3 scrolls of identify.
  5317 | D:5      | 5317 ||| IDENTIFYING blue potion
  5361 | D:5      | 5361 ||| READING 2 scrolls of identify.
  5361 | D:5      | 5361 ||| IDENTIFYING yellow potion
  5362 | D:5      | 5362 ||| DROPPING potion of attraction.
  5363 | D:5      | 5363 ||| DROPPING potion of degeneration.
  5364 | D:5      | 5364 ||| DROPPING potion of ambrosia.
  5392 | D:6      | Found Bigilor's Assorted Antiques.
  5395 | D:6      | Reached skill level 10 in Unarmed Combat
  5397 | D:6      | 5397 ||| BUYING potion of curing (81 gold).
  5397 | D:6      | Bought a potion of curing for 81 gold pieces
  5397 | D:6      | 5397 ||| BUYING scroll labelled YSSUUM SYAZETY (27 gold).
  5397 | D:6      | Bought a scroll labelled YSSUUM SYAZETY for 27 gold pieces
  5416 | D:6      | 5416 ||| Stepping ~*~*~tactically~*~*~ (stealth).
  5420 | D:6      | HP: 15/75 [ogre/+0 giant club (28)]
  5421 | D:6      | 5421 ||| READING 5 scrolls of teleportation.
  5422 | D:6      | 5422 ||| INVOKING Fiery Armour.
  5425 | D:6      | 5425 ||| READING 4 scrolls of teleportation.
  5425 | D:6      | HP: 17/78 [wight/+1 spear (3)]
  5426 | D:6      | 5426 ||| Stepping ~*~*~tactically~*~*~ (outnumbered).
  5427 | D:6      | 5427 ||| Stepping ~*~*~tactically~*~*~ (outnumbered).
  5427 | D:6      | HP: 3/76 [wight/+0 great sword (10)]
  5427 | D:6      | HP: 1/73 [wight/+0 great sword (2)]
  5529 | D:6      | 5529 ||| Stepping ~*~*~tactically~*~*~ (stealth).
  5544 | D:6      | Reached XP level 9. HP: 69/83 MP: 9/9
  5576 | D:6      | Found Syulo's Jewellery Boutique.
  5586 | D:6      | 5586 ||| BUYING amulet of the acrobat (390 gold).
  5586 | D:6      | Bought an amulet of the acrobat for 390 gold pieces
  5586 | D:6      | 5586 ||| SHOPLISTING ring of ice (325 gold, have 35).
  5586 | D:6      | 5586 ||| SHOPLISTING ring of positive energy (260 gold,
                  | have 35).
  5586 | D:6      | 5586 ||| SHOPLISTING ring of protection from fire (325
                  | gold, have 35).
  5586 | D:6      | 5586 ||| SHOPLISTING ring of resist corrosion (260 gold,
                  | have 35).
  5597 | D:6      | Found a staircase to the Ecumenical Temple.
  5826 | D:6      | Found Wetux's Antique Armour Boutique.
  5906 | D:6      | Noticed Duvessa
  5907 | D:6      | 5907 ||| Stepping ~*~*~tactically~*~*~ (stealth).
  5908 | D:6      | 5908 ||| Stepping ~*~*~tactically~*~*~ (stealth).
  5914 | D:6      | Noticed Dowan
  5915 | D:6      | 5915 ||| Stepping ~*~*~tactically~*~*~ (hiding).
  5918 | D:6      | Killed Duvessa
  5919 | D:6      | Reached skill level 11 in Unarmed Combat
  5927 | D:6      | Killed Dowan
  5982 | D:6      | Noticed Blork the orc
  5985 | D:6      | Killed Blork the orc
  6137 | D:6      | Found Zusky's Jewellery Shoppe.
  6145 | D:6      | 6145 ||| SHOPLISTING +4 ring of protection (468 gold, have
                  | 60).
  6145 | D:6      | 6145 ||| SHOPLISTING +4 ring of slaying (1014 gold, have
                  | 60).
  6145 | D:6      | 6145 ||| SHOPLISTING +6 ring of dexterity (468 gold, have
                  | 60).
  6145 | D:6      | 6145 ||| SHOPLISTING +6 ring of strength (468 gold, have
                  | 60).
  6145 | D:6      | 6145 ||| SHOPLISTING ring of fire (325 gold, have 60).
  6145 | D:6      | 6145 ||| SHOPLISTING ring of ice (325 gold, have 60).
  6145 | D:6      | 6145 ||| SHOPLISTING ring of positive energy (260 gold,
                  | have 60).
  6146 | D:6      | Found Raiticva's Assorted Antiques.
  6203 | D:6      | Found a glowing silver altar of Zin.
  6213 | D:6      | 6213 ||| Stepping ~*~*~tactically~*~*~ (stealth).
  6310 | D:6      | 6310 ||| UPGRADING to amulet of the acrobat.
  6315 | D:6      | 6315 ||| READING 2 scrolls labelled YSSUUM SYAZETY.
  6316 | D:6      | 6316 ||| READING 5 scrolls of identify.
  6316 | D:6      | 6316 ||| IDENTIFYING sapphire potion
  6317 | D:6      | 6317 ||| READING 4 scrolls of identify.
  6317 | D:6      | 6317 ||| IDENTIFYING green potion
  6318 | D:6      | 6318 ||| DROPPING potion of brilliance.
  6397 | D:7      | Identified the +8 falchion of Weqabas {distort, rElec rPois
                  | Will+ Dex+4}
  6686 | D:7      | 6686 ||| Stepping ~*~*~tactically~*~*~ (stealth).
  6690 | D:7      | 6690 ||| Stepping ~*~*~tactically~*~*~ (outnumbered).
  6703 | D:7      | 6703 ||| INVOKING Fiery Armour.
  6707 | D:7      | Reached skill level 12 in Unarmed Combat
  6766 | D:7      | 6766 ||| Stepping ~*~*~tactically~*~*~ (stealth).
  6768 | D:7      | 6768 ||| Stepping ~*~*~tactically~*~*~ (stealth).
  6770 | D:7      | 6770 ||| Stepping ~*~*~tactically~*~*~ (hiding).
  6771 | D:7      | 6771 ||| Stepping ~*~*~tactically~*~*~ (hiding).
  6782 | D:7      | 6782 ||| FLEEEEING.
  6783 | D:7      | 6783 ||| FLEEEEING.
  6784 | D:7      | 6784 ||| FLEEEEING.
  6786 | D:7      | 6786 ||| FLEEEEING.
  6787 | D:7      | 6787 ||| FLEEEEING.
  6788 | D:7      | 6788 ||| FLEEEEING.
  7146 | D:7      | 7146 ||| Stepping ~*~*~tactically~*~*~ (hiding).
  7225 | D:7      | 7225 ||| UPGRADING to ring of protection from cold.
  7226 | D:7      | 7226 ||| READING 4 scrolls of identify.
  7226 | D:7      | 7226 ||| IDENTIFYING fizzy purple potion
  7227 | D:7      | 7227 ||| DROPPING potion of lignification.
  7294 | D:8      | Found a flagged portal.
  7315 | D:8      | Reached XP level 10. HP: 86/95 MP: 10/10
  7395 | D:8      | Noticed a death yak
  7396 | D:8      | 7396 ||| Stepping ~*~*~tactically~*~*~ (stealth).
  7398 | D:8      | 7398 ||| INVOKING Fiery Armour.
  7401 | D:8      | Noticed a death yak
  7401 | D:8      | Noticed a death yak
  7402 | D:8      | 7402 ||| Stepping ~*~*~tactically~*~*~ (stealth).
  7403 | D:8      | 7403 ||| Stepping ~*~*~tactically~*~*~ (stealth).
  7405 | D:8      | Noticed a death yak
  7406 | D:8      | 7406 ||| Stepping ~*~*~tactically~*~*~ (stealth).
  7409 | D:8      | Killed a death yak
  7410 | D:8      | 7410 ||| Stepping ~*~*~tactically~*~*~ (stealth).
  7417 | D:8      | 7417 ||| Stepping ~*~*~tactically~*~*~ (outnumbered).
  7418 | D:8      | 7418 ||| Stepping ~*~*~tactically~*~*~ (outnumbered).
  7419 | D:8      | 7419 ||| Stepping ~*~*~tactically~*~*~ (outnumbered).
  7419 | D:8      | Noticed a death yak
  7419 | D:8      | Noticed a death yak
  7420 | D:8      | 7420 ||| Stepping ~*~*~tactically~*~*~ (outnumbered).
  7421 | D:8      | 7421 ||| STAIRDANCE
  7426 | D:7      | Killed a death yak
  7427 | D:7      | Reached skill level 13 in Unarmed Combat
  7427 | D:7      | HP: 22/96 [death yak (16)]
  7428 | D:7      | 7428 ||| READING 3 scrolls of teleportation.
  7430 | D:7      | HP: 8/96 [death yak (17)]
  7515 | D:7      | 7515 ||| DRINKING 2 lumpy green potions.
  7532 | D:8      | 7532 ||| STAIRDANCE
  7541 | D:8      | 7541 ||| INVOKING Fiery Armour.
  7544 | D:8      | HP: 22/96 [killer bee (3)]
  7545 | D:8      | 7545 ||| STAIRDANCE
  7549 | D:7      | HP: 15/96 [poisoned by a killer bee]
  7655 | D:8      | Found an ornate altar of the Wu Jian Council.
  7716 | D:8      | Found a staircase to the Lair.
  7718 | D:8      | 7718 ||| INVOKING Fiery Armour.
  7723 | D:8      | 7723 ||| Stepping ~*~*~tactically~*~*~ (outnumbered).
  7723 | D:8      | Noticed Amaemon
  7727 | D:8      | 7727 ||| Stepping ~*~*~tactically~*~*~ (outnumbered).
  7728 | D:8      | 7728 ||| Stepping ~*~*~tactically~*~*~ (outnumbered).
  7729 | D:8      | 7729 ||| Stepping ~*~*~tactically~*~*~ (outnumbered).
  7730 | D:8      | 7730 ||| Stepping ~*~*~tactically~*~*~ (outnumbered).
  7731 | D:8      | 7731 ||| Stepping ~*~*~tactically~*~*~ (hiding).
  7731 | D:8      | HP: 19/96 [death yak (17)]
  7731 | D:8      | Noticed an orange demon
  7732 | D:8      | 7732 ||| READING 2 scrolls of teleportation.
  7733 | D:8      | 7733 ||| DRINKING potion of heal wounds.
  7734 | D:8      | 7734 ||| Stepping ~*~*~tactically~*~*~ (outnumbered).
  7735 | D:8      | 7735 ||| Stepping ~*~*~tactically~*~*~ (outnumbered).
  7750 | D:8      | 7750 ||| Stepping ~*~*~tactically~*~*~ (stealth).
  7754 | D:8      | 7754 ||| Stepping ~*~*~tactically~*~*~ (stealth).
  7801 | D:8      | 7801 ||| Stepping ~*~*~tactically~*~*~ (stealth).
  7825 | D:8      | Killed Amaemon
  7826 | D:8      | HP: 23/96 [death yak (25)]
  7827 | D:8      | 7827 ||| READING scroll of teleportation.
  7828 | D:8      | 7828 ||| INVOKING Fiery Armour.
  7828 | D:8      | HP: 10/96 [poisoned by Amaemon]
  7829 | D:8      | 7829 ||| Stepping ~*~*~tactically~*~*~ (outnumbered).
  7830 | D:8      | 7830 ||| Stepping ~*~*~tactically~*~*~ (outnumbered).
  7831 | D:8      | 7831 ||| Stepping ~*~*~tactically~*~*~ (outnumbered).
  7831 | D:8      | Slain by a death yak

Levels and vault maps discovered:
D:1:      lemuel_arrival_behind_the_door_small, layout_loops_corners,
          minmay_tetromino_i2
D:2:      layout_rooms, shapermc_ecumenical_altar_pompeii, serial_shops,
          nicolae_shop_waterfront, kennysheep_generic_room_11
D:3:      layout_loops_ring, tgw_fedhas, mainiacjoe_overflow_alcove_1,
          nicolae_overflow_ecumenical_swirl, marbit_many_paths
D:4:      layout_layer_cave, minmay_manual_mares, uniq_menkaure
D:5:      minmay_octagon_keep, layout_basic, kb_xom_exploding_sheep,
          nicolae_gozag_zags_fifth_avenue, general_overflow_altar,
          nicolae_ossuary_entry_giza, supply_closet_lemuel
D:6:      nicolae_cairo_tiling_large, layout_basic, zin_scriptorium,
          minmay_temple_entry_statues_pillars, serial_shops, shop_fountains,
          shop, shop, nicolae_lakefront_shop, nicolae_square_shop,
          kennysheep_path_1, grunt_ministairs_13, uniq_duvessa,
          uniq_blork_the_orc
D:7:      layout_basic
D:8:      layout_rooms, nicolae_wu_jian_glorious_leap, dpeg_lair_monsters,
          enter_bailey_1, uniq_amaemon

Skill      XL: |  1  2  3  4  5  6  7  8  9 10 |
---------------+-------------------------------+-----
Unarmed Combat | 4 5 6 7 8 10 12 13 | 13.9
Throwing       | 2 3 5 |  5.1
Fighting       | 3 4 5 |  5.1
Dodging        | 1 |  1.7
Spellcasting   | |  1.0
Fire Magic     | |  2.1

Action                   |  1- 3 |  4- 6 |  7- 9 | 10-12 || total
-------------------------+-------+-------+-------+-------++-------
Melee: Unarmed           |   126 |    75 |   218 |    54 ||   473
       Punch             |       |     2 |    10 |     2 ||    14
Throw: Boomerang         |       |    23 |     1 |     5 ||    29
       Large rock        |       |    16 |    55 |     4 ||    75
Invok: Fiery Armour      |       |     3 |     4 |     4 ||    11
  Use: Scroll            |     3 |     5 |    15 |     3 ||    26
       Potion            |       |     2 |     3 |     2 ||     7
Armor: Robe              |    40 |    22 |    42 |    32 ||   136
Dodge: Dodged            |    55 |    25 |    59 |    64 ||   203

Table legend:
 A = Non-vault XP
 B = Vault XP
 C = Vault XP percentage of total XP
 D = Non-vault monster count
 E = Vault monster count
 F = Vault count percentage of total count
                 A         B        C        D         E       F
            +---------+---------+-------+---------+---------+-------
      Total |    4951 |    3773 |  43.2 |     162 |      42 |  20.6
            +---------+---------+-------+---------+---------+-------
        D:1 |      57 |       4 |   6.6 |      34 |       2 |   5.6
        D:2 |     112 |       2 |   1.8 |      26 |       1 |   3.7
        D:3 |      37 |       2 |   5.1 |      12 |       1 |   7.7
        D:4 |     596 |     388 |  39.4 |      26 |       3 |  10.3
        D:5 |     466 |     361 |  43.7 |      20 |      11 |  35.5
        D:6 |     993 |     473 |  32.3 |      12 |       5 |  29.4
        D:7 |    1682 |     809 |  32.5 |      18 |       1 |   5.3
        D:8 |    1008 |    1579 |  61.0 |      14 |       2 |  12.5
    Ossuary |       0 |     155 | 100.0 |       0 |      16 | 100.0
            +---------+---------+-------+---------+---------+-------
